 Dungeon Crawl Stone Soup version bcrawl-1.21.3 (webtiles) character file.

Game seed: 16853687604016612606

7 MisterOstroum the Insei (level 1, -1/16 HPs)
             Began as a Demonspawn Transmuter on Mar 25, 2020.
             Slain by a leopard gecko (4 damage)
             ... on level 1 of the Dungeon.
             The game lasted 00:00:46 (299 turns).

MisterOstroum the Insei (Demonspawn Transmuter)      Turns: 299, Time: 00:00:46

Health: -1/16      AC:  2    Str: 10    XL:     1   Next: 91%
Magic:  3/3        EV: 12    Int: 14    God:
Gold:   15         SH:  0    Dex: 13    Spells: 3/4 levels left

rFire    . . .     SeeInvis .     - Unarmed
rCold    . . .     Gourm    .   (no shield)
rNeg     . . .     Faith    .   b - +0 robe
rPois    .         Spirit   .   (no helmet)
rElec    .         Reflect  .   (no cloak)
rCorr    .         Harm     .   (no gloves)
MR       .....                  (no boots)
Stlth    +.........             (no amulet)
HPRegen  0.05/turn              (no ring)
MPRegen  0.08/turn              (no ring)

@: no status effects
A: no striking features
a: no special abilities


You were on level 1 of the Dungeon.
You were not hungry.

You visited 1 branch of the dungeon, and saw 1 of its levels.

You collected 15 gold pieces.

Inventory:

Missiles
 a - 120 arrows
 f - 189 bolts
Armour
 b - a +0 robe (worn)
 c - a +0 medium shield
Scrolls
 h - a scroll of immolation {unknown}
Potions
 d - a potion of lignification {@q6}
Comestibles
 e - a ration {!d}
 g - a chunk of flesh


   Skills:
 * Level 2.0 Fighting
 - Level 1.7 Dodging
 * Level 2.7 Unarmed Combat
 - Level 2.0 Spellcasting
 + Level 1.7 Transmutations


You had 3 spell levels left.
You knew the following spells:

 Your Spells              Type           Power        Failure   Level  Hunger
a - Beastly Appendage     Tmut           #.....       12%         1    ##.....

Your spell library contained the following spells:

 Spells                   Type           Power        Failure   Level  Hunger
 Sticks to Snakes         Tmut           #.......     17%         2    ###....
 Spider Form              Tmut/Pois      #..          45%         3    ####...
 Ice Form                 Ice/Tmut       #.......     86%         4    #####..
 Blade Hands              Tmut           #.........   97%         5    ######.


Dungeon Overview and Level Annotations

Branches:
Dungeon (1/12)

Altars:


Message History

Your transformation is almost over.
Magic restored.
Your talons disappear.
You butcher the rat corpse.
g - a chunk of flesh You see here a rat skeleton. x2
h - a scroll labeled VOYL PYOTTU You see here a rat skeleton.
You open the door.
There is an open door here.
A goblin comes into view. It is wielding a +0 dagger.
A goblin is nearby!
A giant cockroach comes into view.
The goblin shouts!
You hear a shout!
A goblin comes into view.
A worm comes into view.
Found 12 gold pieces.
You hit the giant cockroach but do no damage.
The giant cockroach barely misses you.
You completely miss the giant cockroach.
The goblin hits you with a +0 dagger.
The giant cockroach bites you but does no damage.
You closely miss the giant cockroach. The goblin hits you but does no damage.
The giant cockroach bites you. The goblin completely misses you.
You hit the giant cockroach.
The giant cockroach is moderately wounded.
The goblin hits you with a +0 dagger. The giant cockroach bites you.
The goblin completely misses you.
You closely miss the giant cockroach.
The giant cockroach is moderately wounded.
The giant cockroach bites you. The goblin hits you with a +0 dagger.
The goblin hits you.
* * * LOW HITPOINT WARNING * * *
You are too injured to fight recklessly!
You are too injured to fight recklessly!
You are too injured to fight recklessly!
You are too injured to fight recklessly!
You are too injured to fight recklessly!
The giant cockroach bites you but does no damage.
The goblin hits you but does no damage.
There is an open door here.
Really walk into that teleport trap?
You enter a teleport trap!
The teleport trap disappears.
Your surroundings suddenly seem different.
A leopard gecko, a ball python and a dart slug come into view.
The leopard gecko hisses angrily.
A frilled lizard comes into view.
The ball python bites you but does no damage.
The ball python grabs you. The ball python constricts you.
Found a scroll labeled ESEN ZUNNELOU.
Found a stone staircase leading down.
You escape the ball python's grasp.
Casting: Beastly Appendage (safe; 12% risk of failure)
Confirm with . or Enter, or press ? or * to list all spells.
Your feet morph into talons.
The ball python barely misses you. The ball python misses you.
Unknown command.
You hit the ball python. You claw the ball python.
You kill the ball python!
The dart slug misses you.
You hit the dart slug.
The dart slug is lightly wounded.
You hit the dart slug.
The dart slug is heavily wounded.
Your transformation is almost over.
The dart slug closely misses you.
You hit the dart slug but do no damage.
The dart slug is heavily wounded.
The dart slug closely misses you.
You hit the dart slug.
The dart slug is severely wounded.
The dart slug launches a dart at you. The slug dart hits you.
* * * LOW HITPOINT WARNING * * *
Unknown command.
Unknown command.
You hit the dart slug.
You kill the dart slug!
Training target 2.0 for Fighting reached!
Your Fighting skill increases to level 2!
You need to enable at least one skill for training.
Unknown command.
The leopard gecko hisses menacingly.
You hit the frilled lizard.
You kill the frilled lizard!
You hit the leopard gecko but do no damage.
You claw the leopard gecko.
The leopard gecko is heavily wounded.
The leopard gecko misses you.
You barely miss the leopard gecko.
The leopard gecko is heavily wounded.
Your talons disappear.
The leopard gecko bites you.
* * * LOW HITPOINT WARNING * * *
You hit the leopard gecko but do no damage.
The leopard gecko is heavily wounded.
The leopard gecko hisses menacingly.
The leopard gecko barely misses you.
You closely miss the leopard gecko.
The leopard gecko is heavily wounded.
The leopard gecko bites you.
You die...

....###..#
#.l....#
#......#.#
>.####.#†#
#.#.#
..#.#
###.# #l#
#@# #.#
#.# #.#
..# ###


You could see a leopard gecko.

Vanquished Creatures
  A dart slug (D:1)
  A ball python (D:1)
  A hobgoblin (D:1)
  A frilled lizard (D:1)
  2 rats (D:1)
6 creatures vanquished.

Notes
Turn   | Place    | Note
-------+----------+-------------------------------------------
     0 | D:1      | MisterOstroum the Demonspawn Transmuter began the quest for
                  | the Orb.
     0 | D:1      | Reached XP level 1. HP: 15/15 MP: 3/3
   299 | D:1      | Slain by a leopard gecko

Skill      XL: |  1 |
---------------+----+-----
Fighting       | 2 |  2.0
Dodging        | |  1.7
Unarmed Combat | |  2.7
Spellcasting   | |  2.0
Transmutations | |  1.7

Action                   || total
-------------------------++-------
Melee: Unarmed           ||    24
       Kick              ||     2
       Headbutt          ||     1
 Cast: Beastly Appendage ||     3
Armor: Robe              ||     5
Dodge: Dodged            ||    12
